 Dungeon Crawl Stone Soup version 0.21.0 (webtiles) character file.

1918 Hekarica the Skirmisher (level 9, -7/51 HPs)
             Began as a Vine Stalker Fighter on May 17, 2018.
             Was an Elder of Zin.
             Mangled by a cyan ugly thing (14 damage)
             ... on level 5 of the Dungeon.
             The game lasted 01:12:34 (6638 turns).

Hekarica the Skirmisher (Vine Stalker Fighter)      Turns: 6638, Time: 01:12:34

Health: -7/51      AC: 12    Str: 20    XL:     9   Next: 16%
Magic:  0/10       EV:  5    Int:  8    God:    Zin [****..]
Gold:   0          SH: 10    Dex: 16    Spells: 8/8 levels left

rFire    . . .     SeeInvis .   p - +0 falchion
rCold    + . .     Gourm    +   c - +0 shield
rNeg     . . .     Faith    .   g - +2 chain mail {rC+}
rPois    +         Spirit   +   s - +0 helmet
rElec    .         Reflect  .   e - scarf {cloud immunity}
rCorr    +         Harm     .   (no gloves)
MR       +....                  (no boots)
Stlth    ..........             q - amulet of the gourmand
HPRegen  0.57/turn              w - ring of poison resistance
MPRegen  0.12/turn              k - ring of resist corrosion

@: no status effects
A: fangs 3, regeneration 1, magic shield, antimagic bite, no potion heal 3, rot
immunity
a: Recite, Vitalisation, Imprison, Donate Gold, Renounce Religion


You were on level 5 of the Dungeon.
You worshipped Zin.
Zin was greatly pleased with you.
You were not hungry.

You visited 2 branches of the dungeon, and saw 7 of its levels.

You collected 417 gold pieces.
You spent 188 gold pieces at shops.
You donated 229 gold pieces to Zin.

Inventory:

Hand Weapons
 a - a +0 long sword
 i - a +2 dagger of venom
 p - a +0 falchion (weapon)
 u - a +1 flail of protection
 v - a cursed -2 spear
 x - a +0 whip of flaming
 y - the +4 mace "Feryvo" {speed, +Blink rElec Str+3, unknown}
   (You found it on level 4 of the Dungeon)

   Attacks with this weapon are significantly faster.
   It affects your strength (+3).
   It insulates you from electricity.
   It lets you blink.
Armour
 c - a +0 shield (worn)
 e - a scarf of cloud immunity (worn)
 g - a +2 chain mail of cold resistance (worn)
 m - a +1 scale mail of cold resistance
 s - a +0 helmet (worn)
Jewellery
 k - a ring of resist corrosion (right hand)
 q - an amulet of the gourmand (around neck)
 r - an uncursed ring of poison resistance
 w - a ring of poison resistance (left hand)
Wands
 b - a wand of flame (17)
Scrolls
 h - 2 scrolls of teleportation
 l - 2 scrolls of remove curse
 n - 4 scrolls of identify
 o - 2 scrolls of fear
 t - a scroll of magic mapping
 z - 4 scrolls of immolation
Potions
 d - 2 potions of might
 j - 2 potions of cancellation
 A - 3 potions of curing
 B - 2 potions of haste
 C - a potion of invisibility
Comestibles
 f - 7 rations


   Skills:
 * Level 7.7 Fighting
 + Level 5.6 Long Blades
 - Level 2.9 Armour
 - Level 0.2 Dodging
 + Level 5.9 Shields


You had 8 spell levels left.
You didn't know any spells.

Dungeon Overview and Level Annotations

Branches:
Dungeon (6/15)             Temple (1/1) D:4

Altars:
Cheibriados
Elyvilon
Fedhas
Gozag
Hepliaklqana
Kikubaaqudgha
Makhleb
Nemelex Xobeh
Okawaru
Ru
Sif Muna
Trog
Vehumet
Zin
The Shining One
Beogh

Shops:
D:5 *%!![


Innate Abilities, Weirdness & Mutations

You have razor-sharp teeth.
Your natural rate of healing is unusually fast.
When hurt, damage is shared between your health and your magic reserves.
Your bite disrupts and absorbs the magic of your enemies.
Potions cannot restore your health.
You are immune to rotting.


Message History

The cyan ugly thing shocks you!
* * * LOW HITPOINT WARNING * * *
You see here a pair of boots.
The crimson imp laughs crazily.
You see here a scroll labeled ZADWOROUVIG.
You block the cyan ugly thing's attack.
The crimson imp blinks!
You see here a bullfrog corpse.
A howler monkey comes into view.
The howler monkey howls!
The howler monkey hits you but does no damage.
There is a stone staircase leading up here.
The howler monkey hits you but does no damage.
You block the cyan ugly thing's attack.
You climb upwards.
There is a stone staircase leading down here.
You block the howler monkey's attack. The cyan ugly thing kicks you!
* * * LOW HITPOINT WARNING * * *
The cyan ugly thing shocks you!
You die...

#......#...#
#######......#.###
#.................
###.##########.#.###
#...................
#.#.##########.##.##
#.#.# #.......
#.#h#############.#.
#.#@u...........#.#.
#.##########........
#.# #.......# #.#
#...[.... #)#
####'#'## #.# #.#...
#.# #.#.## #.#
#.#... #.# #.####


You could see a cyan ugly thing and a howler monkey.

Vanquished Creatures
  Pikel (D:4)
  The ghost of Hekarica the Sneak, an amateur SpAs (D:5)
  Edmund (D:4)
  Menkaure (D:4)
  A phantom (D:5)
  3 ogres
  Blork the orc (D:5)
  A bullfrog (D:6)
  A howler monkey (D:5)
  2 orc priests (D:3)
  A bullfrog skeleton (D:4)
  3 centaur skeletons
  2 orc wizards (D:4)
  Terence (D:2)
  An iguana (D:4)
  3 worker ants
  A hound skeleton (D:5)
  3 gnolls (D:4)
  2 worker ant zombies
  4 adders
  3 oozes
  2 adder zombies (D:5)
  2 worms
  3 dart slugs
  4 leopard geckos
  19 orcs
  A ball python (D:1)
  11 bats
  2 giant cockroaches
  6 goblins
  11 hobgoblins
  4 quokkas
  5 frilled lizards
  11 kobolds
  A leopard gecko zombie (D:5)
  5 rats
124 creatures vanquished.

Notes
Turn   | Place    | Note
-------+----------+-------------------------------------------
     0 | D:1      | Hekarica the Vine Stalker Fighter began the quest for the Orb.
     0 | D:1      | Reached XP level 1. HP: 11/11 MP: 2/2
    56 | D:1      | Reached XP level 2. HP: 14/16 MP: 3/3
   413 | D:1      | Reached skill level 3 in Fighting
   951 | D:1      | Reached XP level 3. HP: 20/20 MP: 4/4
  2231 | D:2      | Found a white marble altar of Elyvilon.
  2385 | D:2      | Noticed Terence
  2401 | D:2      | Killed Terence
  2401 | D:2      | Gained mutation: Your natural rate of healing is unusually fast. [Vine Stalker growth]
  2401 | D:2      | Reached XP level 4. HP: 18/24 MP: 3/5
  2725 | D:2      | Reached XP level 5. HP: 28/28 MP: 6/6
  3071 | D:3      | Found a glowing silver altar of Zin.
  3071 | D:3      | Found a snail-covered altar of Cheibriados.
  3076 | D:3      | Became a worshipper of Zin the Law-Giver
  3076 | D:3      | Reached * piety under Zin
  3077 | D:3      | Donated 66 gold pieces to Zin
  3112 | D:3      | Found a faded altar of an unknown god.
  3286 | D:3      | Found a roughly hewn altar of Beogh.
  3315 | D:3      | Reached ** piety under Zin
  3400 | D:3      | Reached skill level 4 in Fighting
  3427 | D:3      | Reached XP level 6. HP: 33/33 MP: 7/7
  3565 | D:2      | Found a sparkling altar of Nemelex Xobeh.
  3780 | D:4      | Reached *** piety under Zin
  4055 | D:4      | Noticed Edmund
  4215 | D:4      | Killed Edmund
  4215 | D:4      | Reached XP level 7. HP: 26/38 MP: 4/8
  4376 | D:4      | Found a staircase to the Ecumenical Temple.
  4382 | Temple   | Entered the Ecumenical Temple
  4442 | D:4      | Noticed Menkaure
  4447 | D:4      | Killed Menkaure
  4447 | D:4      | Reached skill level 5 in Fighting
  5019 | D:4      | Donated 122 gold pieces to Zin
  5023 | D:4      | Reached **** piety under Zin
  5140 | D:4      | Noticed Pikel
  5209 | D:4      | Killed Pikel
  5209 | D:4      | Reached skill level 6 in Fighting
  5209 | D:4      | Reached skill level 5 in Shields
  5209 | D:4      | Gained mutation: You have razor-sharp teeth. [Vine Stalker growth]
  5209 | D:4      | Reached XP level 8. HP: 39/45 MP: 9/9
  5248 | D:4      | Got a brightly glowing mace
  5321 | D:5      | Entered Level 5 of the Dungeon
  5349 | D:5      | Found Ogatypsy's Distillery.
  5500 | D:5      | Reached skill level 5 in Long Blades
  5526 | D:5      | Noticed Blork the orc
  5540 | D:5      | Killed Blork the orc
  5590 | D:5      | Found Muell's General Store.
  5626 | D:5      | Found a blossoming altar of Fedhas.
  5627 | D:5      | Found Etzamoc's Food Shoppe.
  5654 | D:5      | Bought a ration for 50 gold pieces
  5654 | D:5      | Bought a ration for 50 gold pieces
  5676 | D:5      | Reached skill level 7 in Fighting
  5681 | D:5      | Noticed Hekarica's ghost (amateur SpAs)
  5936 | D:5      | Killed Hekarica's ghost
  6035 | D:5      | Found Xitug's Armour Boutique.
  6059 | D:5      | Reached XP level 9. HP: 50/50 MP: 10/10
  6080 | D:5      | Found Tust's Distillery.
  6088 | D:5      | Bought a potion of invisibility for 88 gold pieces
  6361 | D:5      | Found a radiant altar of Vehumet.
  6544 | D:6      | Noticed a cyan ugly thing
  6597 | D:6      | HP: 2/51 [cyan ugly thing (11)]
  6638 | D:5      | Mangled by a cyan ugly thing

Skill      XL: |  1  2  3  4  5  6  7  8 |
---------------+-------------------------+-----
Long Blades    | 2 3 4 5 |  5.6
Fighting       | 3 4 6 7 |  7.7
Shields        | 3 4 5 |  5.9
Armour         | |  2.9
Dodging        | |  0.2

Action                   |  1- 3 |  4- 6 |  7- 9 || total
-------------------------+-------+-------+-------++-------
Melee: Long sword        |    97 |   115 |       ||   212
       Bite              |    31 |    83 |    88 ||   202
       Falchion          |       |   121 |   217 ||   338
Invok: Donate Gold       |       |     1 |     1 ||     2
Evoke: Wand              |       |       |     5 ||     5
  Use: Scroll            |     4 |     2 |     2 ||     8
       Potion            |     3 |     2 |     3 ||     8
  Eat: Ration            |     2 |     1 |     3 ||     6
Armor: Scale mail        |    36 |       |       ||    36
       Chain mail        |     7 |   117 |    93 ||   217
Dodge: Dodged            |    35 |    34 |    24 ||    93
Block: Shield            |    52 |   115 |    89 ||   256
       Rpst.: Long sword |     9 |     8 |       ||    17
       Falchion          |       |     6 |     5 ||    11
